 Dungeon Crawl Stone Soup version 0.22-a0-165-g89cf10f13c (webtiles) character file.

16251 Fuhrer the Cleaver (level 12, -1/171 HPs)
             Began as a Deep Dwarf Berserker on Feb 13, 2018.
             Was a High Priest of Trog.
             Slain by a ten-headed hydra (5 damage)
             ... on level 11 of the Dungeon.
             The game lasted 01:00:17 (10246 turns).

Fuhrer the Cleaver (Deep Dwarf Berserker)          Turns: 10246, Time: 01:00:18

Health: -1/171     AC: 12    Str: 29    XL:     12   Next: 8%
Magic:  10/10      EV: 18    Int: 12    God:    Trog [*****.]
Gold:   121        SH:  2    Dex: 15    Spells: 11/11 levels left

rFire    . . .     SeeInvis .   Q - +3 executioner's axe of Abuse {chaos, MR+ Dex+3}
rCold    + . .     Gourm    .   (shield currently unavailable)
rNeg     . . .     Faith    .   y - +1 ring mail of Summer {Regen+ Int-2 Stlth+} (curse)
rPois    +         Spirit   .   r - +0 helmet
rElec    .         Reflect  +   (no cloak)
rCorr    +         Harm     .   m - +1 pair of gloves {archery}
MR       ++...                  (no boots)
Stlth    ..........             i - +2 amulet of reflection
HPRegen  0.00/turn              G - ring of resist corrosion
MPRegen  0.12/turn              U - ring of Duiry {+Fly rPois rC+ Str+4}

@: berserking, non-regenerating, very quick
A: damage resistance, heal wounds, sense surroundings 2, no regeneration
a: Heal Wounds, Berserk, Trog's Hand, Brothers in Arms, Burn Spellbooks,
Renounce Religion, Evoke Flight


You were on level 11 of the Dungeon.
You worshipped Trog.
Trog was extremely pleased with you.
You were very hungry.

You visited 2 branches of the dungeon, and saw 12 of its levels.

You collected 728 gold pieces.
You spent 607 gold pieces at shops.

Inventory:

Hand Weapons
 H - the +5 rapier "Wooh" {venom, Int+5}
   (You found it on level 6 of the Dungeon)

   It poisons the flesh of those it strikes.
   It affects your intelligence (+5).
 Q - the +3 executioner's axe of Abuse (weapon) {chaos, MR+ Dex+3}
   (Trog gifted it to you on level 10 of the Dungeon)

   Each time it hits an enemy it has a different, random effect.
   It affects your dexterity (+3).
   It affects your resistance to hostile enchantments.
Missiles
 O - a tomahawk of dispersal (quivered)
 R - 13 poisoned needles
Armour
 m - a +1 pair of gloves of archery (worn)
 r - a +0 helmet (worn)
 t - a +0 pair of boots
 v - a +0 chain mail
 y - the cursed +1 ring mail of Summer (worn) {Regen+ Int-2 Stlth+}
   (You found it on level 4 of the Dungeon)

   It affects your intelligence (-2).
   It increases your rate of regeneration.
   It makes you more stealthy.
   It has a curse placed upon it.
 J - the +3 leather armour of Duty {rElec rN+, unknown}
   (You took it off a big kobold on level 10 of the Dungeon)

   It insulates you from electricity.
   It protects you from negative energy.
 N - a +2 buckler
Magical Staves
 z - an uncursed staff of fire
 W - an uncursed staff of summoning {unknown}
Jewellery
 a - an uncursed ring of fire
 b - an uncursed ring of wizardry
 i - a +2 amulet of reflection (around neck)
 B - an uncursed amulet of guardian spirit
 G - a ring of resist corrosion (left hand)
 K - an uncursed ring of protection from cold
 U - the ring of Duiry (right hand) {+Fly rPois rC+ Str+4}
   (You bought it in a shop on level 8 of the Dungeon)

   [ring of protection from cold]

   It affects your strength (+4).
   It protects you from cold.
   It protects you from poison.
   It lets you fly.
Wands
 E - a wand of iceblast (3)
 F - a wand of flame (62)
 M - a wand of random effects (8)
 X - a wand of enslavement (6)
 Z - a wand of paralysis (15)
Scrolls
 e - 2 scrolls of fear {unknown}
 f - a scroll of random uselessness {unknown}
 g - 13 scrolls of identify {unknown}
 h - a scroll of magic mapping {unknown}
 l - 2 scrolls of fog {unknown}
 n - 6 scrolls of teleportation {unknown}
 o - 3 scrolls of remove curse {unknown}
 p - 2 scrolls of blinking {unknown}
 s - 3 scrolls of immolation {unknown}
 u - 2 scrolls of noise {unknown}
 A - a scroll of summoning {unknown}
 D - 2 scrolls of amnesia {unknown}
 L - 2 scrolls of enchant weapon {unknown}
 V - a scroll of vulnerability {unknown}
Potions
 d - 2 potions of berserk rage {unknown}
 j - 4 potions of heal wounds {unknown}
 k - 3 potions of magic {unknown}
 q - 4 potions of invisibility {unknown}
 w - a potion of might
 x - 2 potions of brilliance {unknown}
 C - 3 potions of lignification {unknown}
 I - a potion of agility
 P - a potion of curing {unknown}
 T - a potion of flight {unknown}
Miscellaneous
 S - a box of beasts
Comestibles
 c - 17 rations
 Y - 4 chunks of flesh


   Skills:
 + Level 9.0 Fighting
 * Level 13.0 Axes
 + Level 10.3 Armour
 + Level 10.3 Dodging


You had 11 spell levels left.
You didn't know any spells.

Dungeon Overview and Level Annotations

Branches:
Dungeon (11/15)            Temple (1/1) D:6            Lair (0/6) D:11
    Orc (0/2) D:10

Altars:
Ashenzari
Cheibriados
Dithmenos
Elyvilon
Fedhas
Gozag
Hepliaklqana
Kikubaaqudgha
Makhleb
Nemelex Xobeh
Okawaru
Qazlal
Ru
Sif Muna
Trog
Uskayaw
Vehumet
Wu Jian
Xom
Yredelemnul
Zin
The Shining One

Shops:
D:8 =

Annotations:
D:11 1 runed door


Innate Abilities, Weirdness & Mutations

You are resistant to damage.
You can heal yourself by infusing magical energy.
You passively map the area around you.
You do not regenerate.


Message History

* * * LOW HITPOINT WARNING * * *
The nine-headed hydra closely misses you.
The nine-headed hydra bites you but does no damage.
The nine-headed hydra completely misses you.
You hack one of the nine-headed hydra's heads off!
The eight-headed hydra grows two more!
You slice the ten-headed hydra!!
The ten-headed hydra is severely wounded.
The ten-headed hydra misses you.
The ten-headed hydra bites you but does no damage.
The ten-headed hydra closely misses you.
The ten-headed hydra completely misses you.
The ten-headed hydra closely misses you.
The ten-headed hydra bites you.
* * * LOW HITPOINT WARNING * * *
The ten-headed hydra bites you.
* * * LOW HITPOINT WARNING * * *
The ten-headed hydra bites you!
* * * LOW HITPOINT WARNING * * *
The ten-headed hydra bites you!
You die...

.........#.###..........
,
...#.#.#...##..#.#.#...,
,,
.<.#.................# *
...#.#.#.#.###.#.#.#.#
(..#.....#.# #.......#
...#.......#
#....####### * *
..(..#######
#.#......... .#.#.
#.#..#.#.#.# ..... **
#..@D....... * .#.#.. *
###..#.#.#.#,, , *
##.....%.. , , #.#.#.#.#
* , * * #........ ,, * *
, #.#.#.#.# * * *
#........, , * ######...
* , *###*


You could see a ten-headed hydra.

Vanquished Creatures
  A centaur warrior (D:11)
  The ghost of Fuhrer the Cleaver, a novice DDBe of Trog (D:10)
  4 two-headed ogres (D:9)
  Pikel (D:5)
  A deep elf mage (D:9)
  A kobold demonologist (D:10)
  A queen bee (D:9)
  A hornet (D:10)
  A hippogriff (D:7)
  Sigmund (D:2)
  12 yaks
  A wyvern (D:8)
  Eustachio (D:4)
  Grum (D:8)
  A water moccasin (D:9)
  3 orc warriors
  2 sky beasts
  Duvessa (D:5)
  4 ogres
  2 slaves (D:5)
  A hornet zombie (D:9)
  A necrophage (D:9)
  3 black bears
  A phantom (D:3)
  3 ice beasts
  2 wolves (D:8)
  3 centaurs
  A crocodile (D:8)
  22 big kobolds
  7 bullfrogs
  Dowan (D:5)
  2 scorpions
  14 killer bees (D:9)
  5 wights (D:8)
  3 howler monkeys (D:7)
  2 crimson imps (D:5)
  2 bullfrog zombies
  2 centaur zombies
  A quasit (D:10)
  5 orc priests
  7 hounds
  2 jellies
  2 gnoll shamans (D:5)
  12 orc wizards
  Ijyb (D:5)
  2 centaur skeletons
  4 iguanas
  A hell rat (D:7)
  8 worker ants
  A killer bee zombie (D:8)
  A hound zombie (D:8)
  A hound skeleton (D:7)
  2 worker ant zombies
  40 gnolls
  A howler monkey zombie (D:9)
  8 adders
  8 river rats (D:7)
  5 shadow imps
  An ooze (D:2)
  4 adder skeletons
  4 worms
  5 leopard geckos
  22 orcs
  13 bats
  6 giant cockroaches
  6 hobgoblins
  19 jackals
  10 quokkas
  2 frilled lizards
  8 goblins
  24 kobolds
  A leopard gecko skeleton (D:5)
  A leopard gecko zombie (D:7)
  24 rats
378 creatures vanquished.

Vanquished Creatures (collateral kills)
  4 yaks (D:5)
  A scorpion (D:10)
  A bullfrog zombie (D:10)
  A hound (D:10)
  An orc priest (D:10)
  4 gnolls (D:5)
12 creatures vanquished.

Grand Total: 390 creatures vanquished

Notes
Turn   | Place    | Note
-------+----------+-------------------------------------------
     0 | D:1      | Fuhrer the Deep Dwarf Berserker began the quest for the Orb.
     0 | D:1      | Reached XP level 1. HP: 20/20 MP: 1/1
   108 | D:1      | Reached XP level 2. HP: 27/27 MP: 2/2
   483 | D:1      | Reached ** piety under Trog
   508 | D:1      | Reached XP level 3. HP: 25/34 MP: 3/3
   830 | D:2      | Reached XP level 4. HP: 42/42 MP: 4/4
   832 | D:2      | Reached skill level 4 in Axes
   837 | D:2      | Reached XP level 5. HP: 39/49 MP: 5/5
  1117 | D:2      | Found a burning altar of Makhleb.
  1117 | D:2      | Noticed Sigmund
  1128 | D:2      | Killed Sigmund
  1128 | D:2      | Reached XP level 6. HP: 53/57 MP: 6/6
  2026 | D:3      | Reached skill level 5 in Axes
  2124 | D:3      | Reached XP level 7. HP: 42/64 MP: 7/7
  2150 | D:3      | Found an ornate altar of the Wu Jian Council.
  2418 | D:4      | Found an iron altar of Okawaru.
  2497 | D:4      | Noticed Eustachio
  2578 | D:4      | Killed Eustachio
  2812 | D:4      | Reached *** piety under Trog
  2812 | D:4      | Reached skill level 5 in Armour
  2812 | D:4      | Reached skill level 5 in Dodging
  2857 | D:4      | Got a diamond-encrusted ring mail
  2880 | D:4      | Identified the cursed +1 ring mail of Summer {Regen+ Int-2 Stlth+} (You found it on level 4 of the Dungeon)
  3019 | D:4      | Reached skill level 5 in Fighting
  3019 | D:4      | Reached skill level 6 in Axes
  3019 | D:4      | Reached XP level 8. HP: 27/74 MP: 8/8
  3249 | D:5      | Entered Level 5 of the Dungeon
  3389 | D:5      | Noticed Dowan
  3398 | D:5      | Noticed Duvessa
  3406 | D:5      | Killed Duvessa
  3409 | D:5      | Killed Dowan
  3619 | D:5      | Noticed Ijyb
  3629 | D:5      | Killed Ijyb
  3813 | D:5      | Reached **** piety under Trog
  3910 | D:5      | Reached skill level 7 in Axes
  4279 | D:5      | Gained mutation: You passively map the area around you. [Deep Dwarf growth]
  4279 | D:5      | Reached XP level 9. HP: 82/82 MP: 9/9
  4283 | D:5      | Reached skill level 8 in Axes
  4712 | D:5      | Noticed Pikel
  4723 | D:5      | Killed Pikel
  5027 | D:6      | Reached skill level 9 in Axes
  5290 | D:6      | Got a polished rapier
  5317 | D:6      | Identified the +5 rapier "Wooh" {venom, Int+5} (You found it on level 6 of the Dungeon)
  5385 | D:6      | Found a staircase to the Ecumenical Temple.
  5391 | Temple   | Entered the Ecumenical Temple
  5961 | D:7      | Reached XP level 10. HP: 83/92 MP: 10/10
  6057 | D:7      | Reached ***** piety under Trog
  6367 | D:7      | Found a shattered altar of Ashenzari.
  6909 | D:8      | Found Sox Ceej's Jewellery Emporium.
  6930 | D:8      | Reached skill level 10 in Axes
  6969 | D:8      | Noticed Grum
  6985 | D:8      | Killed Grum
  7415 | D:8      | Received a gift from Trog
  7768 | D:9      | Noticed a two-headed ogre
  7779 | D:9      | Killed a two-headed ogre
  8237 | D:9      | Reached skill level 11 in Axes
  8272 | D:9      | Noticed a two-headed ogre
  8291 | D:9      | Killed a two-headed ogre
  8420 | D:9      | Noticed a two-headed ogre
  8420 | D:9      | Noticed a two-headed ogre
  8437 | D:9      | Killed a two-headed ogre
  8437 | D:9      | Reached XP level 11. HP: 55/103 MP: 10/10
  8500 | D:9      | Killed a two-headed ogre
  8624 | D:8      | Bought the ring of Duiry {+Fly rPois rC+ Str+4} for 607 gold pieces
  8815 | D:9      | Noticed a deep elf mage
  8845 | D:9      | Killed a deep elf mage
  8845 | D:9      | Reached skill level 12 in Axes
  9054 | D:10     | Entered Level 10 of the Dungeon
  9140 | D:10     | Noticed Fuhrer's ghost (novice DDBe)
  9170 | D:10     | Killed Fuhrer's ghost
  9484 | D:10     | Reached skill level 10 in Armour
  9690 | D:10     | Reached skill level 10 in Dodging
  9692 | D:10     | Received a gift from Trog
  9753 | D:10     | Got a bloodstained leather armour
  9755 | D:10     | Got a warped executioner's axe {god gift}
  9756 | D:10     | Identified the +3 executioner's axe of Abuse {chaos, MR+ Dex+3} (Trog gifted it to you on level 10 of the Dungeon)
  9801 | D:10     | Reached XP level 12. HP: 100/112 MP: 10/10
  9893 | D:10     | Found a staircase to the Orcish Mines.
  9966 | D:11     | Noticed a centaur warrior
 10043 | D:11     | Found a staircase to the Lair.
 10070 | D:11     | Found a runed door.
 10102 | D:11     | Killed a centaur warrior
 10102 | D:11     | Reached skill level 13 in Axes
 10234 | D:11     | Noticed a five-headed hydra
 10246 | D:11     | HP: 4/171 [ten-headed hydra (8)]
 10246 | D:11     | Slain by a ten-headed hydra

Vault maps used:
D:1:      dpeg_arrival_rooms_a
D:2:      makhleb_blood_cavern_becter, uniq_sigmund
D:3:      nicolae_overflow_crystal_walls
D:4:      first_ration, okawaru_metal_pillars_3, uniq_eustachio
D:5:      lemuel_castle_with_subvaults, hangedman_decor_diamond_cutter,
          minivault_27, uniq_duvessa, uniq_ijyb, uniq_pikel
D:6:      minmay_temple_entry_enclosed_plants
D:7:      lemuel_ratsnest, ashenzari_altar_1
D:8:      serial_shops, nicolae_shop_temple_entry_statues_fountains, uniq_grum
D:9:      david_nohive_1
D:10:     orc_0_dummy
D:11:     cheibrodos_shockbox, lair_entry_dummy, serial_glass, glass_columns_c,
          glass_columns_c, glass_columns_b, glass_columns_a, glass_columns_b,
          glass_columns_b, glass_columns_a, glass_columns_a, glass_columns_b,
          glass_columns_b, feat_on_display, feat_on_display,
          minmay_strange_pillars, item_on_display_a
Temple:   nicolae_temple_the_god_donut

Skill      XL: |  1  2  3  4  5  6  7  8  9 10 11 12 |
---------------+-------------------------------------+-----
Fighting       | 3 4 5 6 7 8 9 |  9.0
Armour         | 3 4 5 6 7 9 10 | 10.3
Dodging        | 3 4 5 6 7 9 10 | 10.3
Axes           | 4 5 6 7 9 11 12 13 | 13.0

Action                   |  1- 3 |  4- 6 |  7- 9 | 10-12 || total
-------------------------+-------+-------+-------+-------++-------
Melee: Hand axe          |    85 |   144 |   136 |       ||   365
       War axe           |       |       |   349 |       ||   349
       Battleaxe         |       |       |    33 |   437 ||   470
       Executioner's axe |       |       |       |    30 ||    30
Throw: Javelin           |       |       |     1 |     1 ||     2
       Tomahawk          |       |       |       |     2 ||     2
Invok: Berserk           |     3 |     5 |    24 |    29 ||    61
       Trog's Hand       |     1 |       |     5 |     6 ||    12
       Brothers in Arms  |       |       |     1 |       ||     1
 Abil: Heal Wounds       |       |       |     3 |     5 ||     8
Evoke: Wand              |       |       |     1 |    18 ||    19
 Stab: Paralysed         |       |       |     3 |     5 ||     8
       Sleeping          |       |       |     3 |     1 ||     4
       Confused          |       |       |       |     1 ||     1
  Eat: Chunk             |     2 |     9 |    31 |    35 ||    77
       Ration            |       |       |     2 |     3 ||     5
Armor: Animal skin       |    27 |       |       |       ||    27
       Ring mail         |    22 |    42 |   118 |   175 ||   357
       Chain mail        |       |    30 |    86 |       ||   116
Dodge: Dodged            |    78 |    94 |   314 |   457 ||   943
Block: Other             |       |     2 |    35 |    34 ||    71

Table legend:
 A = Spawn XP
 B = Non-spawn XP
 C = Spawn XP percentage of total XP
 D = Spawn monster count
 E = Non-spawn monster count
 F = Spawn count percentage of total count
 G = Total turns spent on level
                    A         B        C        D         E        F      G
               +---------+---------+-------+---------+---------+-------+---------
         Total |       0 |   23216 |   0.0 |       0 |     388 |   0.0 | 10246
               +---------+---------+-------+---------+---------+-------+---------
           D:1 |       0 |      41 |   0.0 |       0 |      24 |   0.0 |   758
           D:2 |       0 |     519 |   0.0 |       0 |      27 |   0.0 |   980
           D:3 |       0 |     195 |   0.0 |       0 |      14 |   0.0 |   679
           D:4 |       0 |     677 |   0.0 |       0 |      20 |   0.0 |   832
           D:5 |       0 |    2918 |   0.0 |       0 |      81 |   0.0 |  1606
           D:6 |       0 |     660 |   0.0 |       0 |      17 |   0.0 |   634
           D:7 |       0 |     999 |   0.0 |       0 |      45 |   0.0 |   945
           D:8 |       0 |    2036 |   0.0 |       0 |      40 |   0.0 |  1178
           D:9 |       0 |    7854 |   0.0 |       0 |      48 |   0.0 |  1216
          D:10 |       0 |    6248 |   0.0 |       0 |      66 |   0.0 |   966
          D:11 |       0 |    1069 |   0.0 |       0 |       6 |   0.0 |   216
               +---------+---------+-------+---------+---------+-------+---------
